 Dungeon Crawl Stone Soup version 0.21-a0-2-ge494091 (webtiles) character file.

5590 Drake the Protected (level 10, 0/93 HPs)
             Began as a Minotaur Fighter on May 22, 2017.
             Was an Initiate of Gozag.
             Slain by an elephant (7 damage)
             ... on level 10 of the Dungeon.
             The game lasted 00:28:37 (8344 turns).

Drake the Protected (Minotaur Fighter)              Turns: 8344, Time: 00:28:37

Health: 0/93       AC: 16    Str: 25    XL:     10   Next: 45%
Magic:  9/9        EV:  6    Int:  5    God:    Gozag
Gold:   1305       SH: 12    Dex:  9    Spells: 8/9 levels left

rFire    . . .     SeeInvis .   a - +0 long sword
rCold    . . .     Gourm    .   c - +0 shield
rNeg     . . .     Faith    .   q - +0 plate armour
rPois    +         Spirit   .   k - +0 hat
rElec    .         Reflect  .   t - +0 cloak
rCorr    .         Harm     +   (no gloves)
MR       .....                  (no boots)
Stlth    ..........             o - amulet of harm
Regen    0.3/turn               g - ring of poison resistance
MPRegen  0.2/turn               j - ring of wizardry

@: gold aura
A: retaliatory headbutt, horns 2
a: Potion Petition, Call Merchant, Bribe Branch, Renounce Religion


You were on level 10 of the Dungeon.
You worshipped Gozag.
Gozag was most pleased with you.
You were not hungry.

You visited 2 branches of the dungeon, and saw 11 of its levels.

You collected 1376 gold pieces.
You paid 71 gold pieces to Gozag.

Inventory:

Hand Weapons
 a - a +0 long sword (weapon)
Missiles
 x - 22 bolts
Armour
 c - a +0 shield (worn)
 k - a +0 hat (worn)
 q - a +0 plate armour (worn)
 t - a +0 cloak (worn)
Jewellery
 d - an uncursed ring of positive energy
 f - an uncursed ring of see invisible
 g - a ring of poison resistance (left hand)
 j - a ring of wizardry (right hand)
 o - an amulet of harm (around neck)
 z - a +3 amulet of reflection {unknown}
 A - a +4 ring of evasion {unknown}
Wands
 n - a wand of flame (21/48)
 r - a wand of flame (24/48)
 C - a wand of paralysis (13/24)
 E - a wand of enslavement (18/24)
Scrolls
 e - 3 scrolls of remove curse
 i - 3 scrolls of identify
 p - a scroll of enchant weapon {unknown}
 s - 3 scrolls of teleportation
 u - 2 scrolls of fear
 y - a scroll of enchant armour {unknown}
 B - a scroll of blinking {unknown}
 I - 3 scrolls of silence {unknown}
 J - a scroll of random uselessness {unknown}
Potions
 b - 3 potions of haste
 m - a potion of curing
 v - a potion of resistance {unknown}
 w - a potion of experience {unknown}
 D - a potion of invisibility {unknown}
 F - a potion of heal wounds {unknown}
 K - a potion of agility {unknown}
Books
 l - a book of Cantrips

   Spells                             Type                      Level
   a - Confusing Touch                Hexes                        1
   b - Animate Skeleton               Necromancy                   1
   c - Summon Small Mammal            Summoning                    1
   d - Apportation                    Translocation                1
Comestibles
 h - 3 bread rations
 G - 4 fruits
 H - a royal jelly


   Skills:
 + Level 10.1 Fighting
 + Level 9.7 Long Blades
 + Level 10.3 Armour
 + Level 9.7 Shields


You had 8 spell levels left.
You knew the following spells:

 Your Spells              Type           Power        Failure   Level  Hunger
a - Animate Skeleton      Necr           N/A          98%         1    ##.....


Dungeon Overview and Level Annotations

Branches:
Dungeon (10/15)            Temple (1/1) D:4            Lair (0/6) D:10
    Orc: D:9-12

Altars:
Ashenzari
Dithmenos
Elyvilon
Fedhas
Gozag
Kikubaaqudgha
Nemelex Xobeh
Okawaru
Qazlal
Sif Muna
Trog
Uskayaw
Vehumet
Wu Jian
Xom
Yredelemnul
Zin

Shops:
D:7 !

Annotations:
D:4 Prince Ribbit


Innate Abilities, Weirdness & Mutations

You reflexively headbutt those who attack you in melee.
You have a pair of horns on your head.


Message History

The orc shouts!
You hit the elephant but do no damage.
The elephant is severely wounded.
You block the elephant's attack. The elephant trunk-slaps you.
* * * LOW HITPOINT WARNING * * *
You hit the elephant.
The elephant is severely wounded.
You block the elephant's attack. x2
You hit the elephant.
The elephant is severely wounded.
The orc is no longer distracted by gold.
The elephant barely misses you.
You riposte.
You hit the elephant. You headbutt the elephant.
The elephant is almost dead.
The elephant trunk-slaps you but does no damage.
You hit the elephant but do no damage.
The elephant is almost dead.
The elephant tramples you.
You die...
Your body crumbles into a pile of gold.

.............###..#
.##..........###..#
+...........<##..#
#######.....###o.#
#.....# #..#
#.....# #..#
#.....# #..#
#.....###o.#
+.....+@Yo.#
#.....###o.#
####### #.....
#....... ####....>
###.. .


You could see an elephant, an orc priest and 2 orcs.

Vanquished Creatures
  A two-headed ogre (D:8)
  The ghost of KNBrisson the Covert, a novice KoHu of Dithmenos (D:4)
  A troll (D:9)
  2 hippogriffs
  A basilisk (D:10)
  Grum (D:8)
  Menkaure (D:7)
  An ice beast (D:8)
  A sky beast (D:4)
  3 orc warriors
  3 black bears
  A necrophage (D:8)
  4 ogres
  2 wolves (D:8)
  9 bullfrogs
  A gnoll sergeant (D:9)
  A water moccasin skeleton (D:9)
  3 scorpions
  4 killer bees (D:9)
  5 howler monkeys
  5 crimson imps
  A jelly (D:9)
  A quasit (D:9)
  A hound (D:8)
  8 orc wizards
  7 orc priests
  A centaur skeleton (D:8)
  A bullfrog skeleton (D:8)
  3 worker ants
  4 iguanas
  Natasha (thrice) (D:3)
  5 gnolls (D:9)
  5 adders
  An adder zombie (D:5)
  3 leopard geckos
  34 orcs
  9 giant cockroaches
  2 gnoll zombies (D:8)
  5 goblins
  11 hobgoblins
  10 jackals
  5 kobolds
  5 quokkas
  A ball python (D:3)
  4 bats
  2 frilled lizards
  A quokka skeleton (D:7)
  4 rats
188 creatures vanquished.

Notes
Turn   | Place    | Note
-------+----------+-------------------------------------------
     0 | D:1      | Drake the Minotaur Fighter began the quest for the Orb.
     0 | D:1      | Reached XP level 1. HP: 19/19 MP: 0/0
   304 | D:1      | Reached XP level 2. HP: 22/27 MP: 1/1
  1027 | D:2      | You fall through a shaft!
  1029 | D:3      | Reached XP level 3. HP: 33/33 MP: 2/2
  1109 | D:3      | Found a shadowy altar of Dithmenos.
  1135 | D:3      | Noticed Natasha
  1142 | D:3      | Killed Natasha
  1145 | D:3      | Reached XP level 4. HP: 36/41 MP: 3/3
  1224 | D:3      | Noticed Natasha
  1232 | D:3      | Killed Natasha
  1537 | D:3      | Noticed Natasha
  1551 | D:3      | Killed Natasha
  1580 | D:3      | Reached skill level 5 in Fighting
  1580 | D:3      | Reached skill level 5 in Armour
  1580 | D:3      | Reached XP level 5. HP: 3/48 MP: 4/4
  1581 | D:3      | HP: 2/48 [giant cockroach (1)]
  2111 | D:4      | Found a hide-covered altar of Uskayaw.
  2204 | D:4      | Noticed KNBrisson's ghost (novice KoHu)
  2214 | D:4      | Killed KNBrisson's ghost
  2214 | D:4      | Reached skill level 5 in Shields
  2214 | D:4      | Reached XP level 6. HP: 53/57 MP: 5/5
  2214 | D:4      | Reached XP level 7. HP: 58/62 MP: 6/6
  2246 | D:4      | Reached skill level 5 in Long Blades
  2695 | D:4      | Found a staircase to the Ecumenical Temple.
  2709 | Temple   | Entered the Ecumenical Temple
  2721 | Temple   | Became a worshipper of Gozag Ym Sagoz the Greedy
  3239 | D:5      | Entered Level 5 of the Dungeon
  3239 | D:5      | Noticed Prince Ribbit
  3928 | D:5      | Reached XP level 8. HP: 65/71 MP: 7/7
  4936 | D:6      | Found a blossoming altar of Fedhas.
  4965 | D:6      | Learned a level 1 spell: Animate Skeleton
  4999 | D:7      | Found a stormy altar of Qazlal.
  5018 | D:7      | Found a radiant altar of Vehumet.
  5019 | D:7      | Found a glowing silver altar of Zin.
  5304 | D:7      | Got a steaming helmet
  5305 | D:7      | Identified the cursed +0 helmet "Jehumoun" {rF+ Int+3} (You found it on level 7 of the Dungeon)
  5503 | D:7      | Noticed a hippogriff
  5513 | D:7      | Killed a hippogriff
  5513 | D:7      | Reached XP level 9. HP: 48/81 MP: 8/8
  5835 | D:7      | Found Doico's Distillery.
  5875 | D:7      | Found an iron altar of Okawaru.
  6030 | D:7      | Found a bloodstained altar of Trog.
  6056 | D:7      | Noticed Menkaure
  6061 | D:7      | Killed Menkaure
  6338 | D:8      | Noticed a two-headed ogre
  6345 | D:8      | Killed a two-headed ogre
  6564 | D:8      | Found an ornate altar of the Wu Jian Council.
  6597 | D:8      | Found a white marble altar of Elyvilon.
  6850 | D:8      | Noticed Grum
  6874 | D:8      | Killed Grum
  7196 | D:8      | Found a basalt altar of Yredelemnul.
  7249 | D:8      | Reached XP level 10. HP: 79/91 MP: 9/9
  7559 | D:9      | Reached skill level 10 in Armour
  8270 | D:10     | Entered Level 10 of the Dungeon
  8286 | D:10     | Noticed an elephant
  8286 | D:10     | Found a staircase to the Lair.
  8306 | D:10     | Reached skill level 10 in Fighting
  8344 | D:10     | Slain by an elephant

Vault maps used:
D:1:      nagdon_arrival_double_spiral, serial_bayou_lagoon_a,
          minmay_misc_feat_alley
D:2:      uniq_crazy_yiuf_cottage
D:3:      grunt_dithmenos_smoke_and_mirrors, nicolae_overflow_hidden_temple,
          uniq_natasha
D:4:      lemuel_round_altar, minmay_temple_entry_hall
D:5:      first_bread, uniq_prince_ribbit1
D:6:      fedhas_altar_4
D:7:      marbit_many_paths, bloody_trog, minitemple, serial_shops, shop,
          uniq_menkaure
D:8:      overflow_temple_1_default, lemuel_zombie_altar_yredelemnul,
          lemuel_doored_altar, uniq_grum
D:10:     minmay_the_grid_3x3, david_lair_generic, minivault_20
Temple:   eino_wide_crystal_templ

Skill      XL: |  1  2  3  4  5  6  7  8  9 10 |
---------------+-------------------------------+-----
Armour         | 4 5 6 8 9 10 | 10.3
Fighting       | 4 5 6 8 9 10 | 10.1
Long Blades    | 3 4 5 7 9 |  9.7
Shields        | 4 5 6 7 9 |  9.7

Action                   |  1- 3 |  4- 6 |  7- 9 | 10-12 || total
-------------------------+-------+-------+-------+-------++-------
Melee: Long sword        |    77 |    53 |   325 |   145 ||   600
       Headbutt          |    17 |     5 |    51 |    35 ||   108
  Use: Scroll            |       |     1 |    10 |       ||    11
       Potion            |       |     2 |     3 |     3 ||     8
 Stab: Distracted        |       |       |     1 |     1 ||     2
  Eat: Bread ration      |     1 |       |     1 |     1 ||     3
       Meat ration       |       |       |     1 |       ||     1
       Chunk             |       |       |     1 |       ||     1
       Royal jelly       |       |       |     3 |       ||     3
Armor: Scale mail        |    53 |    28 |       |       ||    81
       Skin              |       |     4 |    14 |       ||    18
       Plate armour      |       |       |   149 |    84 ||   233
Dodge: Dodged            |    36 |    24 |    51 |    37 ||   148
Block: Shield            |    51 |    52 |   196 |    98 ||   397
       Rpst.: Long sword |    11 |     5 |    15 |    10 ||    41
